 Dungeon Crawl Stone Soup version 0.30-a0-3-gc9032a9cac (webtiles) character file.

Game seed: 9538197774560098717

882 Descartes the Shield-Bearer (level 8, -3/60 HPs)
             Began as a Formicid Fighter on Aug 20, 2022.
             Slain by an ogre
             ... wielding a +0 giant club
              (25 damage)
             ... on level 7 of the Dungeon.
             The game lasted 00:09:16 (6334 turns).

Descartes the Shield-Bearer (Formicid Fighter)      Turns: 6334, Time: 00:09:17

Health: -3/60      AC: 15    Str: 20    XL:     8   Next: 25%
Magic:  10/10      EV:  9    Int: 11    God:
Gold:   423        SH:  5    Dex: 13    Spells: 10/10 levels left

rFire   + . .      SeeInvis +    n - +1 war axe (elec)
rCold   . . .      Faith    .    c - +0 buckler
rNeg    . . .      Spirit   .    F - +0 plate armour
rPois   .          Reflect  .    (helmet unavailable)
rElec   .          Harm     .    B - +0 cloak
rCorr   .          Rampage  .    j - +0 pair of gloves
Will    .....                    l - +0 pair of boots
Stlth   ..........               (no amulet)
HPRegen 0.20/turn                w - ring of protection from fire
MPRegen 0.12/turn                x - +4 ring of evasion

@: no status effects
A: permanent stasis, dig shafts and tunnels, antennae 3, four strong arms
a: Dig, Shaft Self


You were on level 7 of the Dungeon.
You visited 1 branch of the dungeon, and saw 7 of its levels.

You collected 423 gold pieces.

Inventory:

Hand Weapons
 n - a +1 war axe of electrocution (weapon)
 C - a +2 spear of venom
Missiles
 f - 42 stones
 u - 7 poisoned darts
Armour
 b - a +0 scale mail
 c - a +0 buckler (worn)
 j - a +0 pair of gloves (worn)
 l - a +0 pair of boots (worn)
 B - a +0 cloak (worn)
 F - a +0 plate armour (worn)
Jewellery
 w - a ring of protection from fire (left hand)
 x - a +4 ring of evasion (right hand)
Wands
 a - a wand of iceblast (22)
 z - a wand of paralysis (14)
 E - a wand of acid (7)
Scrolls
 e - 3 scrolls of enchant armour {unknown}
 i - 12 scrolls of identify {unknown}
 k - 2 scrolls of fog {unknown}
 m - 2 scrolls of noise {unknown}
 o - 2 scrolls of blinking {unknown}
 p - 2 scrolls of amnesia {unknown}
 t - a scroll of immolation {unknown}
 y - 5 scrolls of teleportation {unknown}
 A - a scroll of fear {unknown}
Potions
 d - a potion of might
 g - 5 potions of curing {unknown}
 h - 5 potions of mutation {unknown}
 q - a potion of magic {unknown}
 r - a potion of attraction {unknown}
 s - 3 potions of haste {unknown}
 v - a potion of heal wounds {unknown}
 D - a potion of degeneration {unknown}
 G - a potion of cancellation {unknown}


   Skills:
 + Level 4.1 Fighting
 * Level 3.5(4.5) Axes
 * Level 2.9(3.7) Maces & Flails
 * Level 2.6(3.5) Polearms
 * Level 4.8 Armour
 * Level 5.8 Shields
 + Level 1.8 Spellcasting
 + Level 1.5 Conjurations
 + Level 2.3 Hexes
 + Level 1.4 Translocations
 + Level 2.0 Evocations


You had 10 spell levels left.
You didn't know any spells.
Your spell library contained the following spells:

 Spells                   Type           Power      Damage    Failure   Level
 Summon Small Mammal      Summ           4%         N/A       100%        1
 Sublimation of Blood     Necr           1%         N/A       100%        2
 Wereblood                Tmut           1%         N/A       100%        2
 Call Canine Familiar     Summ           1%         N/A       100%        3
 Summon Guardian Golem    Hex/Summ       3%         N/A       100%        3
 Corpse Rot               Necr/Pois/Air  1%         N/A       100%        4
 Dispel Undead            Necr           1%         3d6       100%        4
 Death Channel            Necr           0%         N/A       100%        6
 Summon Hydra             Summ           0%         N/A       100%        7


Dungeon Overview and Level Annotations

Branches:
Dungeon (7/15)
 Temple: D:4-7

Altars:
Cheibriados
Dithmenos
Qazlal
Ru
Uskayaw

Shops:
D:1 *   D:3 *


Innate Abilities, Weirdness & Mutations

You cannot be hasted, slowed, berserked, paralysed or teleported.
You can dig through walls and to a lower floor.
You have a pair of large antennae on your head. (SInv)
Your four strong arms can wield two-handed weapons with a shield.


Message History

You hit the hound.
The hound is moderately wounded.
The hound barely misses you.
A wight comes into view. It is wielding a +0 scimitar.
The hound barely misses you. x2
You miss the hound.
The hound is moderately wounded.
You block the hound's attack.
A wight comes into view. It is wielding a +1 mace.
The hound bites you but does no damage.
You hit the hound.
The hound is severely wounded.
You completely miss the ogre. The hound bites you but does no damage.
The ogre hits you with a +0 giant club!!
You closely miss the hound.
The hound is severely wounded.
You hit the ogre. Lightning courses through the ogre!
You block the hound's attack. The hound bites you but does no damage.
The ogre hits you with a +0 giant club! You block the hound's attack.
You are too injured to fight recklessly!
You are too injured to fight recklessly!
You are too injured to fight recklessly!
You are too injured to fight recklessly!
You are too injured to fight recklessly!
You are too injured to fight recklessly!
You are too injured to fight recklessly!
You are too injured to fight recklessly!
You are too injured to fight recklessly!
You are too injured to fight recklessly!
You are too injured to fight recklessly!
You are too injured to fight recklessly!
You are too injured to fight recklessly!
You are too injured to fight recklessly!
You are too injured to fight recklessly!
You are too injured to fight recklessly!
You are too injured to fight recklessly!
Unknown command.
The ogre attacks as you move away!
The ogre hits you with a +0 giant club!!
You die...

#.##.....†.#.# #
#....†..#...
#.......# ### {
####.#### {
#.......## {
#........# ###
#.##......#
...?.######.##..#.>##
...z.zh@(...##..#..#
......O............#
...........###..##.#
............. .....
...........### ...
.###.......# ..
#.......# . #########


You could see an ogre, a hound and 2 wights.

Vanquished Creatures
  2 ice beasts
  A black bear (D:6)
  An ogre (D:6)
  A scorpion (D:6)
  A howler monkey (D:6)
  2 hounds
  A jelly (D:5)
  3 iguanas (D:4)
  Ijyb (D:5)
  Terence (D:2)
  3 gnolls (D:2)
  6 adders
  3 shadow imps (D:5)
  A white imp (D:6)
  An ufetubus (D:6)
  A worm (D:4)
  5 dart slugs
  5 orcs
  7 ball pythons
  9 endoplasms
  2 giant cockroaches
  4 goblins
  4 hobgoblins
  5 kobolds
  4 quokkas
  8 bats
  3 frilled lizards
  4 rats
89 creatures vanquished.

Vanquished Creatures (others)
  A fungus (D:2)
  9 plants (D:2)
10 creatures vanquished.

Grand Total: 99 creatures vanquished

Notes
Turn   | Place    | Note
-------+----------+-------------------------------------------
     0 | D:1      | Descartes the Formicid Fighter began the quest for the Orb.
     0 | D:1      | Reached XP level 1. HP: 18/18 MP: 1/1
   235 | D:1      | Reached XP level 2. HP: 24/24 MP: 2/2
   502 | D:1      | Reached XP level 3. HP: 26/29 MP: 3/3
   743 | D:1      | Found Dem Vax's Assorted Antiques.
  1389 | D:2      | Noticed Terence
  1401 | D:2      | Killed Terence
  1402 | D:2      | Reached skill level 1 in Polearms
  1402 | D:2      | Reached XP level 4. HP: 30/35 MP: 4/4
  1403 | D:2      | Reached skill level 1 in Maces & Flails
  1403 | D:2      | Reached skill level 1 in Hexes
  1548 | D:2      | Found a faded altar of an unknown god.
  1846 | D:2      | Reached XP level 5. HP: 41/41 MP: 6/6
  1997 | D:3      | Found Dopt's Assorted Antiques.
  2173 | D:3      | Reached skill level 1 in Spellcasting
  2281 | D:3      | You fall into a shaft and drop 2 floors!
  2281 | D:5      | Entered Level 5 of the Dungeon
  2355 | D:4      | Reached skill level 1 in Evocations
  2517 | D:4      | Found a stormy altar of Qazlal.
  2775 | D:4      | Reached XP level 6. HP: 34/47 MP: 7/7
  3990 | D:3      | Identified the +0 robe of Hubris {Will+}
  4131 | D:5      | Found a sacrificial altar of Ru.
  4131 | D:5      | Found a snail-covered altar of Cheibriados.
  4132 | D:5      | Found a shadowy altar of Dithmenos.
  4132 | D:5      | Noticed Ijyb
  4142 | D:5      | Killed Ijyb
  4432 | D:5      | Reached skill level 5 in Shields
  4668 | D:5      | Reached skill level 1 in Conjurations
  5420 | D:6      | Reached XP level 7. HP: 53/53 MP: 8/8
  5448 | D:6      | Reached skill level 1 in Translocations
  5778 | D:6      | Reached XP level 8. HP: 45/60 MP: 10/10
  6299 | D:7      | Found a hide-covered altar of Uskayaw.
  6334 | D:7      | Slain by an ogre

Illustrated notes

Levels and vault maps discovered:
D:1:      minmay_arrival_loop, layout_basic, serial_shops,
          nicolae_shop_hallway_stairs, minmay_bisected
D:2:      layout_rooms, serial_bayou, serial_bayou_lake_a,
          serial_bayou_crossing, serial_bayou_shore_a, serial_bayou_pond_b,
          shapermc_ecumenical_altar_mp_urbaneastern, uniq_terence
D:3:      layout_loops_ring, serial_shops,
          nicolae_shop_competitors_out_of_business,
          chequers_serial_rivers_micro_c, reono_crystal_passage,
          serial_bayou_pond_e
D:4:      layout_basic, grunt_qazlal_sundering, nicolae_elevator_lobby_asterisk
D:5:      layout_basic, chequers_temple_overflow_statue_of_worship, uniq_ijyb
D:6:      layout_loops_ring
D:7:      layout_loops_cross, nicolae_uskayaw_murder_on_the_dancefloor,
          temple_fountains

Skill      XL: |  1  2  3  4  5  6  7  8 |
---------------+-------------------------+-----
Polearms       | 1 2 |  2.6
Maces & Flails | 1 2 |  2.9
Hexes          | 1 2 |  2.3
Spellcasting   | 1 |  1.8
Evocations     | 1 2 |  2.0
Armour         | 4 |  4.8
Shields        | 5 |  5.8
Conjurations   | 1 |  1.5
Axes           | 3 |  3.5
Translocations | 1 |  1.4
Fighting       | 4 |  4.1

Action                   |  1- 3 |  4- 6 |  7- 9 || total
-------------------------+-------+-------+-------++-------
Melee: War axe           |    90 |   157 |    45 ||   292
Armor: Scale mail        |    62 |    65 |    20 ||   147
       Plate armour      |       |       |     7 ||     7
Dodge: Dodged            |    60 |    59 |    30 ||   149
Block: Buckler           |    31 |    35 |    21 ||    87

Table legend: (Time is in decaauts)
 A = Elapsed time spent in this place.
 B = Non-inter-level travel time spent in this place.
 C = Inter-level travel time spent in this place.
 D = Time resting spent in this place.
 E = Time spent auto-exploring this place.
 F = Levels seen in this place.
 G = Mean time per level.
                   A        B        C        D        E       F      G
               +--------+--------+--------+--------+--------+-----+--------+
         Total |   6480 |   6328 |    152 |      0 |   5415 |   7 |  925.7 |
       Dungeon |   6480 |   6328 |    152 |      0 |   5415 |   7 |  925.7 |
               +--------+--------+--------+--------+--------+-----+--------+

Top non-repeatable levels by time:
     D:4: 1430 daAuts
     D:5: 1282 daAuts
     D:1: 1269 daAuts
     D:6: 907 daAuts
     D:2: 768 daAuts
     D:3: 764 daAuts
     D:7: 58 daAuts
